 Dungeon Crawl Stone Soup version 0.32-a0-711-g016ad743e0 (webtiles) character file.

Game seed: 11689375763831668124

1557 Fodor the Covered (level 8, -2/70 HPs)
             Began as a Minotaur Fighter on Mar 15, 2024.
             Was an Initiate of Gozag.
             Slain by a gnoll sergeant
             ... wielding a +6 trident of protection
              (13 damage)
             ... on level 5 of the Dungeon.
             The game lasted 00:15:52 (4221 turns).

Fodor the Covered (Minotaur Fighter)                Turns: 4221, Time: 00:15:56

Health: -2/70      AC: 13    Str: 24    XL:     8   Next: 58%
Magic:  7/7        EV: 10    Int:  5    God:    Gozag
Gold:   394        SH:  5    Dex: 15    Spells: 7/7 levels left

rFire   . . .        w - +1 scythe (vamp)
rCold   . . .        (shield currently unavailable)
rNeg    . . .        b - +0 scale mail
rPois   .            g - +2 hat
rElec   .            (no cloak)
rCorr   .            (no gloves)
SInv    .            (no boots)
Will    .....        B - amulet of reflection Stlth
                     z - +4 ring of protection
HPRegen 0.31/turn    D - +6 ring of dexterity
MPRegen 0.10/turn

%: reflection
@: no status effects
A: horns 2, retaliatory headbutt
a: Renounce Religion, Potion Petition, Call Merchant, Bribe Branch


You were on level 5 of the Dungeon.
You worshipped Gozag.
Gozag was aware of your devotion.
You visited 1 branch of the dungeon, and saw 5 of its levels.
You also visited: Sewer.

You collected 459 gold pieces.
You paid 65 gold pieces to Gozag.

Inventory:

Hand Weapons
 a - a +0 war axe
 w - a +1 vampiric scythe (weapon)
Armour
 b - a +0 scale mail (worn)
 c - a +0 buckler
 g - a +2 hat (worn)
Jewellery
 k - a ring of ice
 r - a ring of protection from fire
 y - a +6 ring of intelligence
 z - a +4 ring of protection (left hand)
 B - an amulet of reflection (around neck)
 D - a +6 ring of dexterity (right hand)
Wands
 v - a wand of flame (25)
 C - a wand of digging (1)
Scrolls
 e - 4 scrolls of teleportation
 f - 2 scrolls of enchant armour {unknown}
 i - 3 scrolls of immolation
 j - a scroll of torment {unknown}
 l - 3 scrolls of enchant weapon {unknown}
 s - a scroll of silence {unknown}
 t - a scroll of acquirement
 u - a scroll of blinking
 x - 2 scrolls of poison
 E - a scroll of noise {unknown}
 F - a scroll of identify
Potions
 d - a potion of might
 h - a potion of heal wounds
 m - a potion of degeneration {unknown}
 n - a potion of berserk rage {unknown}
 o - a potion of invisibility {unknown}
 p - 5 potions of curing {unknown}
 q - a potion of lignification {unknown}
 A - a potion of enlightenment {unknown}


   Skills:
 + Level 6.2 Fighting
 + Level 4.7(5.7) Axes
 + Level 4.9(5.8) Polearms
 + Level 5.1 Throwing
 + Level 6.9 Armour
 + Level 2.4 Dodging
 + Level 0.1 Stealth
 + Level 5.0 Shields


You had 7 spell levels left.
You didn't know any spells.
Your spell library contained the following spells:

 Spells                   Type           Power      Damage    Failure   Level
 Lesser Beckoning         Tloc           0%         N/A       87%         2
 Summon Ice Beast         Ice/Summ       0%         N/A       98%         3
 Summon Mana Viper        Hex/Summ       0%         N/A       100%        5
 Monstrous Menagerie      Summ           0%         N/A       100%        7


Dungeon Overview and Level Annotations

Branches:
Dungeon (5/15)             Temple (0/1) D:5           Sewer (visited)

Altars:
Gozag
Makhleb
Okawaru
Ru
Sif Muna
Trog
Zin
The Shining One

Shops:
D:2 *


Innate Abilities, Weirdness & Mutations

You have a pair of horns on your head.
You reflexively headbutt those who attack you in melee.


Message History

The gnoll hits you with a +0 flail!
The gnoll sergeant hits you from afar with a +6 trident of protection.
You barely miss the gnoll.
You headbutt the gnoll, but do no damage.
The gnoll barely misses you. You furiously retaliate!
You headbutt the gnoll!
You kill the gnoll!
The gnoll hits you but does no damage.
The gnoll sergeant hits you from afar with a +6 trident of protection.
An orc wizard and a scorpion come into view.
The orc wizard shouts!
The gnoll hits you but does no damage.
The gnoll sergeant hits you from afar with a +6 trident of protection!
Things that are here:
6 gold pieces; a +0 flail A jelly comes into view.
The gnoll attacks as it pursues you!
The gnoll hits you from afar with a +0 spear.
The gnoll hits you but does no damage. The gnoll attacks as it pursues you!
The gnoll misses you.
There is an open door here.
The gnoll attacks as it pursues you! The gnoll hits you but does no damage.
The gnoll hits you but does no damage.
The gnoll sergeant hits you from afar with a +6 trident of protection.
You hit the gnoll.
The gnoll is lightly wounded.
The gnoll hits you but does no damage.
The gnoll sergeant hits you from afar with a +6 trident of protection.
You barely miss the gnoll. Your headbutt misses the gnoll.
The gnoll is lightly wounded.
The gnoll misses you. The gnoll sergeant closely misses you.
The gnoll hits you with a +0 spear!
* * * LOW HITPOINT WARNING * * *
You puncture the gnoll! Your headbutt misses the gnoll.
The gnoll is severely wounded.
The gnoll sergeant hits you from afar with a +6 trident of protection!
* * * LOW HITPOINT WARNING * * *
You block the gnoll's attack.
The gnoll sergeant hits you from afar with a +6 trident of protection!
You die...
Your body crumbles into a pile of gold.

#...#.#)##.##..##...##
#...#.#.##.##..##...##
#...#.#.)#.##.......).
##.##.##)#.##.....>...
#.#...#...##.........
#.#._.#...##..##...##
#.#...#.#.###.##...##
#.##.##...# #........
#..#@#...## ###..####
##.#g#...# #.#
#.#g#...######.
#.#g#.......##
#..o..#.###.#
##...##.# #..####.#
#$#####.# #$$.g.####


You could see a gnoll sergeant, an orc wizard and 2 gnolls.

Vanquished Creatures
  Sigmund (D:3)
  An acid dragon (D:5)
  An orc warrior (D:4)
  An ogre (D:4)
  3 phantoms
  2 bullfrogs (Sewer)
  A scorpion (D:5)
  A bombardier beetle (D:4)
  4 orc priests
  A hound (D:5)
  An iguana (D:4)
  7 orc wizards
  2 gnolls (D:5)
  12 adders
  2 ufetubi (D:5)
  10 dart slugs
  3 ribbon worms
  18 orcs
  13 ball pythons
  7 bats
  5 endoplasms
  13 giant cockroaches
  7 goblins
  8 hobgoblins
  8 jackals
  8 kobolds
  5 quokkas
  11 frilled lizards
  5 rats
161 creatures vanquished.

Vanquished Creatures (others)
  An orc wizard (D:5)
1 creature vanquished.

Grand Total: 162 creatures vanquished

Notes
Turn   | Place    | Note
-------+----------+-------------------------------------------
     0 | D:1      | Fodor the Minotaur Fighter began the quest for the Orb.
     0 | D:1      | Reached XP level 1. HP: 19/19 MP: 0/0
    97 | D:1      | Reached XP level 2. HP: 19/27 MP: 1/1
   571 | D:2      | Reached XP level 3. HP: 33/33 MP: 2/2
   957 | D:2      | Found Wator's Assorted Antiques.
  1083 | D:3      | Found a sacrificial altar of Ru.
  1137 | D:3      | Reached XP level 4. HP: 34/41 MP: 3/3
  1541 | D:3      | Found a glowing drain.
  1553 | Sewer    | Entered a sewer
  1572 | Sewer    | Reached XP level 5. HP: 46/47 MP: 4/4
  1614 | Sewer    | Reached skill level 1 in Dodging
  1715 | Sewer    | Reached skill level 1 in Throwing
  1818 | Sewer    | Reached XP level 6. HP: 33/53 MP: 5/5
  1830 | Sewer    | Reached skill level 5 in Armour
  1835 | Sewer    | Identified the +2 troll leather armour "Aro Kiy" {*Corrode
                  | rF+ Regen+ Str+4}
  1980 | D:3      | Noticed Sigmund
  2001 | D:3      | Killed Sigmund
  2417 | D:4      | Reached XP level 7. HP: 60/60 MP: 6/6
  2420 | D:4      | Identified the +0 robe of Okawaru's Respect {+Inv Will+
                  | Regen+ Dex+4}
  2538 | D:4      | Found a bloodstained altar of Trog.
  2553 | D:4      | Found a shimmering blue altar of Sif Muna.
  2565 | D:4      | Got Sif Muna's Tractate on Elsewhere
  2614 | D:4      | Reached skill level 1 in Polearms
  2776 | D:4      | Reached skill level 5 in Fighting
  2979 | D:4      | Found a glowing golden altar of the Shining One.
  3089 | D:4      | Found a glowing silver altar of Zin.
  3482 | D:4      | Found an opulent altar of Gozag.
  3488 | D:4      | Became a worshipper of Gozag Ym Sagoz the Greedy
  3506 | D:4      | Reached XP level 8. HP: 68/68 MP: 7/7
  3529 | D:4      | Identified a scroll of acquirement
  3532 | D:5      | Entered Level 5 of the Dungeon
  3535 | D:5      | Reached skill level 5 in Throwing
  4005 | D:5      | Reached skill level 5 in Shields
  4039 | D:5      | Found a burning altar of Makhleb.
  4068 | D:5      | Found a staircase to the Ecumenical Temple.
  4114 | D:5      | Found an iron altar of Okawaru.
  4221 | D:5      | Slain by a gnoll sergeant

Illustrated notes

Levels and vault maps discovered:
D:1:      amcnicky_arrival_abandoned_market, layout_rooms
D:2:      layout_basic, serial_shops, shop
D:3:      layout_loops_ring, nicolae_ru_awakened_eye, portal_sewer_entry_e,
          hangedman_decor_peaks_small, chequers_serial_rivers_micro_a,
          serial_park_tiny_pond, uniq_sigmund
D:4:      layout_rooms, nzn_overflow_gifts_of_might_and_magic,
          mainiacjoe_overflow_concentric_impassable,
          pdpol_temple_overflow_zin_treasury_gozag_greed
D:5:      minmay_evil_eye, layout_loops_ring, mainiacjoe_overflow_24_doors,
          mainiacjoe_overflow_surrounded_room, minmay_temple_entry_stoned_glass

Skill      XL: |  1  2  3  4  5  6  7  8 |
---------------+-------------------------+-----
Fighting       | 4 5 6 |  6.2
Armour         | 4 5 6 |  6.9
Shields        | 4 5 |  5.0
Axes           | 3 4 |  4.7
Dodging        | 1 2 |  2.4
Throwing       | 2 3 4 5 |  5.1
Polearms       | 2 4 |  4.9
Stealth        | |  0.1

Action                     |  1- 3 |  4- 6 |  7- 9 || total
---------------------------+-------+-------+-------++-------
  Melee: War axe           |    84 |    68 |       ||   152
         Headbutt          |     8 |     5 |    19 ||    32
         Halberd           |       |     3 |   175 ||   178
  Throw: Boomerang         |     9 |   111 |    25 ||   145
    Use: Potion            |       |       |     3 ||     3
         Scroll            |       |       |     4 ||     4
 Armour: Scale mail        |   103 |   123 |   248 ||   474
  Dodge: Dodged            |    52 |    70 |   102 ||   224
  Block: Buckler           |    31 |    30 |       ||    61
         Other             |       |       |    17 ||    17

Table legend: (Time is in decaauts)
 A = Elapsed time spent in this place.
 B = Non-inter-level travel time spent in this place.
 C = Inter-level travel time spent in this place.
 D = Time resting spent in this place.
 E = Time spent auto-exploring this place.
 F = Levels seen in this place.
 G = Mean time per level.
                   A        B        C        D        E       F      G
               +--------+--------+--------+--------+--------+-----+--------+
         Total |   4412 |   4345 |     67 |    359 |   2094 |   6 |  735.3 |
       Dungeon |   3938 |   3871 |     67 |    263 |   1955 |   5 |  787.6 |
         Sewer |    474 |    474 |      0 |     96 |    139 |   1 |  474.0 |
               +--------+--------+--------+--------+--------+-----+--------+

Top non-repeatable levels by time:
     D:4: 1164 daAuts
     D:3: 979 daAuts
     D:5: 708 daAuts
     D:1: 543 daAuts
     D:2: 542 daAuts
   Sewer: 474 daAuts
